 Dungeon Crawl Stone Soup version 0.31.0-12-g77e489cdc1 (webtiles) character file.

Game seed: 5802911775844108947

276 Anriel the Chopper (level 6, -6/46 (49) HPs)
             Began as a Human Gladiator on Feb 27, 2024.
             Mangled by a wight
             ... wielding a +4 battleaxe
              (10 damage)
             ... on level 4 of the Dungeon.
             The game lasted 00:14:24 (2682 turns).

Anriel the Chopper (Human Gladiator)                Turns: 2682, Time: 00:14:25

HP:   -6/46 (49)    AC: 12    Str: 17    XL:     6   Next: 25%
MP:   6/6           EV: 11    Int:  8    God:
Gold: 112           SH:  0    Dex: 14    Spells: 5/5 levels left

rFire   . . .        a - +0 war axe
rCold   . . .        (no shield)
rNeg    . . .        j - +4 ring mail
rPois   .            m - +1 helmet
rElec   .            (no cloak)
rCorr   .            k - +0 pair of gloves
SInv    .            (no boots)
Will    .....        (no amulet)
Stlth   +            (no ring)
HPRegen 0.27/turn    (no ring)
MPRegen 0.10/turn

%: no passive effects
@: mighty, drained
A: explore regen
a: no special abilities


You were on level 4 of the Dungeon.
You visited 1 branch of the dungeon, and saw 4 of its levels.

You collected 112 gold pieces.

Inventory:

Hand Weapons
 a - a +0 war axe (weapon)
Missiles
 d - 2 throwing nets
 f - 4 boomerangs (quivered)
Armour
 j - a +4 ring mail (worn)
 k - a +0 pair of gloves (worn)
 m - a +1 helmet (worn)
Jewellery
 g - a ring of magical power
Potions
 c - a potion of mutation {unknown}
 h - a potion of magic
 i - a potion of cancellation {unknown}
 l - a potion of haste {unknown}


   Skills:
 * Level 4.3 Fighting
 * Level 4.8 Axes
 + Level 3.2 Throwing
 - Level 3.0 Dodging


You had 5 spell levels left.
You didn't know any spells.
Your spell library was empty.

Dungeon Overview and Level Annotations

Branches:
Dungeon (4/15)
 Temple: D:4-7

Altars:
Nemelex Xobeh

Annotations:
D:4 3 runed translucent doors, mihai's ghost, weakling MiFi


Innate Abilities, Weirdness & Mutations

You regain HP and MP as you explore.


Message History

You throw a boomerang.
The boomerang hits the wight but does no damage.
You hit the wight.
The wight is lightly damaged.
The wight hits you with a +4 battleaxe!
You feel drained. The wight hits you but does no damage.
The wight hits you with a +4 battleaxe!
You feel drained.
You aren't carrying any scrolls.
Okay, then.
You closely miss the wight.
The wight is lightly damaged.
The wight attacks as it pursues you! The wight hits you but does no damage.
You barely miss the wight.
The wight is lightly damaged.
The wight barely misses you. The wight completely misses you.
The wight hits you but does no damage.
You hit the wight but do no damage.
The wight is lightly damaged.
The wight hits you with a +4 battleaxe.
* * * LOW HITPOINT WARNING * * *
The wight hits you but does no damage. The wight hits you with a +4 battleaxe!
* * * LOW HITPOINT WARNING * * *
You aren't carrying any scrolls.
It was a potion of might.
You feel very mighty all of a sudden. The wight hits you but does no damage.
The wight barely misses you. The wight hits you with a +4 battleaxe.
* * * LOW HITPOINT WARNING * * *
You feel drained.
* * * LOW HITPOINT WARNING * * *
Throw: 3 throwing nets
Press: ? - help, Shift-Dir - straight line, f - wight, p - wight
Aim: a wight, wielding a +4 battleaxe and wearing a +0 robe (lightly damaged, 59% to hit)
You throw a throwing net.
The throwing net closely misses the wight.
The throwing net hits the wight.
The wight is caught in the net!
The wight is lightly damaged.
The wight hits you but does no damage.
The wight struggles against the net.
The wight hits you with a +4 battleaxe!
You die...

#...##.......# .#
#..##.........# .
#..#..........#
#.##....####...#
#.#...### #..#
##.#..##..... #?.
#..#..#...=..
#.##..#..... #@#
....Z..### #z##
....WZ.. .
#zz###..#### #.
##z..####..#####.(
###.............#
######.......#
#.......#
##z......##
#.z........


You could see 4 wights.

Vanquished Creatures
  A water moccasin (D:3)
  A wight (D:4)
  A bombardier beetle (D:3)
  3 adders
  A dart slug (D:1)
  2 ribbon worms
  A ball python (D:1)
  7 endoplasms
  3 giant cockroaches
  2 goblins
  7 hobgoblins
  6 jackals
  4 quokkas
  3 bats
  3 kobolds
  3 rats
48 creatures vanquished.

Notes
Turn   | Place    | Note
-------+----------+-------------------------------------------
     0 | D:1      | Anriel the Human Gladiator began the quest for the Orb.
     0 | D:1      | Reached XP level 1. HP: 16/16 MP: 1/1
   152 | D:1      | Reached XP level 2. HP: 22/22 MP: 2/2
   845 | D:2      | Reached XP level 3. HP: 24/28 MP: 3/3
  1701 | D:3      | Reached XP level 4. HP: 31/35 MP: 4/4
  1971 | D:3      | Found a sparkling altar of Nemelex Xobeh.
  2020 | D:3      | Noticed a water moccasin
  2034 | D:3      | Killed a water moccasin
  2035 | D:3      | Reached XP level 5. HP: 10/42 MP: 5/5
  2569 | D:4      | Reached XP level 6. HP: 48/48 MP: 6/6
  2600 | D:4      | Found a runed translucent gate.
  2601 | D:4      | Found a runed translucent gate.
  2602 | D:4      | Found a runed translucent gate.
  2627 | D:4      | Noticed mihai's ghost (weakling MiFi)
  2682 | D:4      | Mangled by a wight

Illustrated notes

Levels and vault maps discovered:
D:1:      sevenhm_arrival_forest_fort_large_2, layout_rooms
D:2:      layout_basic
D:3:      layout_loops_ring, mainiacjoe_overflow_tiny_flanked, minmay_cut_off
D:4:      layout_loops_corners, grunt_temple_overflow_growth_and_decay,
          mainiacjoe_overflow_24_doors, gammafunk_ghost_icy, grunt_ministairs_2

Skill      XL: |  1  2  3  4  5 |
---------------+----------------+-----
Fighting       | 3 4 |  4.3
Axes           | 4 |  4.8
Throwing       | 3 |  3.2
Dodging        | |  3.0

Action                     |  1- 3 |  4- 6 || total
---------------------------+-------+-------++-------
  Melee: War axe           |    69 |    61 ||   130
         Punch             |       |     1 ||     1
  Throw: Boomerang         |    13 |     3 ||    16
         Javelin           |     1 |     1 ||     2
         Throwing net      |       |     4 ||     4
    Use: Scroll            |     3 |     1 ||     4
         Potion            |       |     2 ||     2
   Stab: Sleeping          |     1 |       ||     1
 Armour: Leather armour    |     9 |       ||     9
         Ring mail         |    40 |    38 ||    78
         Skin              |       |    15 ||    15
  Dodge: Dodged            |    44 |    32 ||    76
